 Dungeon Crawl Stone Soup version 0.16-a0-296-gbdb9f68 (webtiles) character file.

105 Ololoev the Cudgeler (level 4, 0/39 HPs)
             Began as a Naga Gladiator on Aug 29, 2014.
             Slain by an ogre
             ... wielding a +0 giant club
              (17 damage)
             ... on Level 4 of the Dungeon.
             The game lasted 00:08:43 (2160 turns).

Ololoev the Cudgeler (Naga Gladiator)               Turns: 2160, Time: 00:08:43

HP   0/39        AC  4     Str 17      XL: 4   Next: 81%
MP   4/4         EV 10     Int  9      God:
Gold 85          SH  0     Dex 12      Spells:  0 memorised,  3 levels left

rFire  + . .     SeeInvis +     v - +0 whip
rCold  . . .     Clarity  .     i - +1 robe {rF+}
rNeg   . . .     rCorr    .     (no shield)
rPois  +         rRot     .     c - +0 helmet
rElec  .         Spirit   .     (no cloak)
SustAb .         Warding  .     (no gloves)
rMut   .         Stasis   .     (no barding)
Gourm  .                        (no amulet)
MR     .....                    (no ring)
                                (no ring)

@: very slow, not resistant to hostile enchantments, very unstealthy
A: spit poison, see invisible, deformed body, poison resistance, slowness 2, AC
+1
a: Spit Poison


You were on level 4 of the Dungeon.
You were not hungry.

You visited 1 branch of the dungeon, and saw 4 of its levels.

You collected 85 gold pieces.

Inventory:

Hand weapons
 v - a +0 whip (weapon)
Missiles
 d - a throwing net (quivered)
Armour
 c - a +0 helmet (worn)
 i - a +1 robe of fire resistance (worn)
 m - a +0 shield
Comestibles
 b - a chunk of giant cockroach flesh
 f - 3 bread rations
 g - a chunk of giant cockroach flesh
 p - 2 chunks of goblin flesh
Scrolls
 j - a scroll of magic mapping
 q - a scroll of teleportation {unknown}
Potions
 a - a potion of mutation {unknown}
 e - a potion of heal wounds
 h - 3 potions of might {unknown}
 k - a potion of invisibility {unknown}
 l - a potion of cure mutation {unknown}
 n - a potion of agility {unknown}
 o - a potion of curing {unknown}


   Skills:
 - Level 2.0 Fighting
 + Level 4.4 Maces & Flails
 - Level 1.7 Throwing
 - Level 2.4 Dodging
 + Level 2.2 Shields


You had 3 spell levels left.
You didn't know any spells.

Dungeon Overview and Level Annotations

Branches:
Dungeon (4/15)
 Temple: D:4-7

Altars:
Ashenzari
Sif Muna

Annotations:
D:2 Sigmund


Innate Abilities, Weirdness & Mutations

You cannot wear boots.
You can spit poison.
Your serpentine skin is tough (AC +1).
You have supernaturally acute eyesight.
Armour fits poorly on your strangely shaped body.
Your system is resistant to poisons.
You cover ground very slowly.


Message History

The ogre barely misses you.
Use which ability? (? or * to list)
Press: ? - help, Shift-Dir - straight line, f/p - ogre
Aim: an ogre, wielding a giant club (heavily wounded)
The splash of poison hits the ogre.
The ogre is poisoned.
The ogre is severely wounded.
You feel slightly more hungry.
You hit the ogre but do no damage.
The ogre is severely wounded.
The ogre hits you with a giant club!!
You barely miss the ogre.
The ogre is severely wounded.
The ogre hits you with a giant club.
You hit the ogre but do no damage.
The ogre is severely wounded.
You hit the ogre.
The ogre is almost dead.
You have got your breath back.
The ogre hits you with a giant club!
You die...

,*,**,* ***,,,* *,****,,,*,,,
,,,**,***,,**** *,,<,,,,,*,,,
*******,,*** ******,,,**,,
,,,,*,,*** *****,****, ⌠8,,+,**
******* *,,<,,,,***
,,,,*,,***,,,,,* *,,,,,,,*,*
*******,,***##,* *,,,,,,,*,*
,***,***#..##..######
*,,,,,,,*,* *,,,,* **#.....@O<.#
*,,,,,,,*,* **,*,*
*,#########.##*,,,,,,,*,* *,*,*
*,*******#...#*,,,,,,,*,* *,*,*
*,,......O.#.......#***,*
*,*,*******#####..,.#####.,,,,,,
*,,,,,,,,,,,**#...,.#* *,****,*
***,*******,*#....,..****,****,*
****,* *,......,..,,,,,,,,,,*
*,,,,* ***#....,..#**********


You could see an ogre.

Vanquished Creatures
  An orc priest (D:3)
  2 adders
  A giant gecko (D:1)
  3 oozes (D:1)
  2 orcs (D:3)
  3 bats (D:1)
  7 giant cockroaches
  7 hobgoblins
  A quokka (D:2)
  2 ball pythons (D:1)
  A giant newt (D:1)
  4 goblins
  5 kobolds
  6 rats
45 creatures vanquished.

Notes
Turn   | Place    | Note
--------------------------------------------------------------
     0 | D:1      | Ololoev, the Naga Gladiator, began the quest for the Orb.
     0 | D:1      | Reached XP level 1. HP: 19/19 MP: 1/1
   325 | D:1      | Reached XP level 2. HP: 17/26 MP: 2/2
  1016 | D:1      | Reached XP level 3. HP: 27/32 MP: 3/3
  1079 | D:1      | Reached skill level 1 in Shields
  1122 | D:1      | Found a shattered altar of Ashenzari.
  1238 | D:2      | Noticed Sigmund
  1727 | D:2      | Reached skill level 4 in Maces & Flails
  1771 | D:3      | Reached XP level 4. HP: 39/39 MP: 4/4
  2084 | D:3      | Found a deep blue altar of Sif Muna.
  2148 | D:4      | Noticed an ogre
  2160 | D:4      | Slain by an ogre

Action                   |  1- 3 |  4- 6 || total
-------------------------+-------+-------++-------
Melee: Flail             |    82 |    10 ||    92
       Whip              |       |    20 ||    20
Throw: Throwing net      |     2 |       ||     2
 Abil: Spit Poison       |    19 |     7 ||    26
  Use: Scroll            |       |     8 ||     8
  Eat: Chunk             |     4 |     1 ||     5
